 Dungeon Crawl Stone Soup version 0.29-a0-341-g24ffce5b50 (webtiles) character file.

Game seed: 4070952615648395274

40 siradein the Changer (level 3, 0/34 HPs)
             Began as an Octopode Transmuter on Apr 20, 2022.
             Succumbed to an adder's poison
             ... on level 2 of the Dungeon.
             The game lasted 00:03:58 (1636 turns).

siradein the Changer (Octopode Transmuter)          Turns: 1636, Time: 00:03:59

Health: 0/34       AC: 21    Str:  9    XL:     3   Next: 50%
Magic:  6/6        EV: -1    Int: 17    God:
Gold:   83         SH:  0    Dex: 12    Spells: 0/6 levels left

rFire   . . .      SeeInvis .   f - +0 dagger
rCold   . . .      Faith    .   (no shield)
rNeg    . . .      Spirit   .   (helmet currently unavailable)
rPois   +          Reflect  .   (no amulet)
rElec   .          Harm     .   (no ring)
rCorr   .          Rampage  .   (no ring)
Will    .....      NoTele   +   (no ring)
Stlth   +.........              (no ring)
HPRegen 0.11/turn               (no ring)
MPRegen 0.10/turn               (no ring)
                                (no ring)
                                (no ring)

@: lethally poisoned (0 -> -3), tree-form, constricted
A: stationary, stasis, torment immunity, boosted hp, almost no armour,
(amphibious), 8 rings, (camouflage 1), (gelatinous body 1), (nimble swimmer 1),
(tentacles)
a: no special abilities


You were on level 2 of the Dungeon.
You were a tree.
You visited 1 branch of the dungeon, and saw 2 of its levels.

You collected 83 gold pieces.

Inventory:

Hand Weapons
 f - a +0 dagger (weapon)
Armour
 e - a +0 buckler
Scrolls
 b - a scroll of magic mapping {unknown}
 c - a scroll of identify {unknown}
 g - a scroll of teleportation {unknown}
 h - a scroll of blinking {unknown}
Potions
 d - 2 potions of curing {unknown}


   Skills:
 - Level 1.0 Fighting
 - Level 2.0 Dodging
 - Level 3.0 Unarmed Combat
 - Level 2.0 Spellcasting
 + Level 3.6 Transmutations
 + Level 1.0 Poison Magic


You couldn't memorise any spells.
You knew the following spells:

 Your Spells              Type           Power      Damage    Failure   Level
a - Beastly Appendage     Tmut           28%        N/A       4%          1
b - Wereblood             Tmut           14%        N/A       7%          2
c - Spider Form           Tmut/Pois      9%         N/A       22%         3

Your spell library contained the following spells:

 Spells                   Type           Power      Damage    Failure   Level
 Ice Form                 Ice/Tmut       7%         N/A       67%         4


Dungeon Overview and Level Annotations

Branches:
Dungeon (2/15)

Altars:


Innate Abilities, Weirdness & Mutations

You are a tree.
Your roots penetrate the ground, keeping you stationary.
You cannot be teleported.
You are immune to unholy pain and torment.
Your maximum health is greatly increased.
You cannot wear most types of armour.
((You are amphibious.))
You can wear up to eight rings at the same time.
((Your skin changes colour to match your surroundings (Stealth+).))
((Your rubbery body absorbs attacks. (AC +1, EV +1)))
((You are camouflaged when in or above water. (Stealth+)))
((You have tentacles for arms and can constrict up to eight enemies at once.))


Message History

You miss the adder. Your grab misses the adder.
Your tentacle spike misses the adder.
The adder misses you.
You barely miss the adder. Your grab misses the adder.
The ball python bites you. The ball python grabs you.
The ball python constricts you. The adder bites you.
You are poisoned.
The adder poisons you! The ball python barely misses you.
The ball python constricts you.
You are too injured to fight recklessly!
You are too injured to fight recklessly!
You are too injured to fight recklessly!
You hit the adder but do no damage. Your grab misses the adder.
Your squeeze misses the adder.
You feel sick. The adder barely misses you. The ball python misses you.
The ball python constricts you.
You hit the adder. You grab the adder.
You pierce the adder.
The adder is heavily wounded.
You constrict the adder, but do no damage.
You feel sick. The adder barely misses you. The ball python bites you.
* * * LOW HITPOINT WARNING * * *
The ball python constricts you.
* * * LOW HITPOINT WARNING * * *
The adder bites you.
* * * LOW HITPOINT WARNING * * *
Really quaff the potion of lignification?
Your tentacle spike disappears.
You turn into a tree.
Your roots penetrate the ground.
You lose your grip on the adder.
* * * LOW HITPOINT WARNING * * *
You feel sick.
The ball python bites you but does no damage.
The ball python constricts you. The adder bites you but does no damage.
You hit the adder. You punch the adder.
The adder is almost dead.
* * * LOW HITPOINT WARNING * * *
You feel sick.
The ball python bites you but does no damage.
The ball python constricts you. The adder bites you but does no damage.
You closely miss the adder.
The adder is severely wounded.
You die...

#.####.....
##.# ###
#####..#
#.....##
#####
#.#####
.....###.#
#...#.###..#
#.......#
#♣..?####
#bSS##...#
#.#.# ##...#
...#.# ##.#
... ... .
....# #.#
##.# #.# #.
..#


You could see an adder, a bat and a ball python.

Vanquished Creatures
  3 ball pythons
  4 bats
  5 endoplasms (D:1)
  3 giant cockroaches (D:1)
  5 goblins
  4 hobgoblins
  3 kobolds (D:1)
  2 quokkas (D:1)
  2 frilled lizards (D:1)
  2 rats
33 creatures vanquished.

Notes
Turn   | Place    | Note
-------+----------+-------------------------------------------
     0 | D:1      | siradein the Octopode Transmuter began the quest for the
                  | Orb.
     0 | D:1      | Reached XP level 1. HP: 13/13 MP: 3/3
   509 | D:1      | Reached XP level 2. HP: 12/18 MP: 3/5
  1003 | D:1      | Reached XP level 3. HP: 21/23 MP: 4/6
  1008 | D:1      | Learned a level 2 spell: Wereblood
  1012 | D:1      | Learned a level 3 spell: Spider Form
  1181 | D:1      | Found a faded altar of an unknown god.
  1519 | D:2      | Reached skill level 1 in Poison Magic
  1635 | D:2      | HP: 1/34 [poisoned by an adder]
  1636 | D:2      | Succumbed to an adder's poison

Illustrated notes

Levels and vault maps discovered:
D:1:      minmay_arrival_arboretum_small, layout_loops_ring,
          hellmonk_ecumenical_altar_zigzags
D:2:      layout_rooms

Skill      XL: |  1  2  3 |
---------------+----------+-----
Transmutations | 3 |  3.6
Poison Magic   | 1 |  1.0
Fighting       | |  1.0
Dodging        | |  2.0
Unarmed Combat | |  3.0
Spellcasting   | |  2.0

Action                   || total
-------------------------++-------
Melee: Unarmed           ||    25
       Kick              ||    23
       Constrict         ||    16
       Dagger            ||    50
       Tentacles         ||    12
       Punch             ||     1
 Cast: Beastly Appendage ||    24
  Use: Potion            ||     1
 Stab: Sleeping          ||     4
Armor: Skin              ||     9
Dodge: Dodged            ||    48

Table legend: (Time is in decaauts)
 A = Elapsed time spent in this place.
 B = Non-inter-level travel time spent in this place.
 C = Inter-level travel time spent in this place.
 D = Time resting spent in this place.
 E = Time spent auto-exploring this place.
 F = Levels seen in this place.
 G = Mean time per level.
                   A        B        C        D        E       F      G
               +--------+--------+--------+--------+--------+-----+--------+
         Total |   1635 |   1591 |     44 |      0 |   1353 |   2 |  817.5 |
       Dungeon |   1635 |   1591 |     44 |      0 |   1353 |   2 |  817.5 |
               +--------+--------+--------+--------+--------+-----+--------+

Top non-repeatable levels by time:
     D:1: 1450 daAuts
     D:2: 184 daAuts
